 Dungeon Crawl Stone Soup version 0.29-a0-659-g28b9d68c38 (webtiles) character file.

Game seed: 2475009371030800428

1256 PentaManta the Archer (level 8, -4/36 (38) HPs)
             Began as a Spriggan Hunter on June 22, 2022.
             Killed from afar by Maggie (12 damage)
             ... with a bolt of fire
             ... on level 6 of the Dungeon.
             The game lasted 00:05:21 (5307 turns).

PentaManta the Archer (Spriggan Hunter)             Turns: 5307, Time: 00:05:21

HP:   -4/36 (38)    AC:  2    Str:  7    XL:     8   Next: 26%
MP:   9/9           EV: 23    Int: 10    God:
Gold: 242           SH:  0    Dex: 27    Spells: 7/7 levels left

rFire   + . .      SeeInvis +   a - +1 shortbow
rCold   + . .      Faith    .   (shield currently unavailable)
rNeg    . . .      Spirit   .   b - +0 robe
rPois   .          Reflect  .   (helmet restricted)
rElec   .          Harm     .   j - scarf {rC+ rF+}
rCorr   .          Rampage  .   (gloves unavailable)
Will    +....                   (boots unavailable)
Stlth   +++.......              (no amulet)
HPRegen 0.12/turn               x - +6 ring of dexterity
MPRegen 0.11/turn               y - ring of flight

@: flying, mesmerised, drained, very quick
A: very small, no large weapons, unfitting armour, see invisible, speed 3
a: no special abilities


You were on level 6 of the Dungeon.
You visited 1 branch of the dungeon, and saw 6 of its levels.

You collected 242 gold pieces.

Inventory:

Hand Weapons
 a - a +1 shortbow (weapon)
Missiles
 e - 2 poisoned darts
Armour
 b - a +0 robe (worn)
 j - a scarf of resistance (worn)
Jewellery
 x - a +6 ring of dexterity (left hand)
 y - a ring of flight (right hand)
 C - a +6 ring of intelligence
 D - a ring of willpower
 E - a ring of protection from cold
Wands
 q - a wand of polymorph (12)
 s - a wand of iceblast (11)
 v - a wand of flame (3)
Scrolls
 c - 2 scrolls of immolation
 d - 6 scrolls of identify {unknown}
 f - 3 scrolls of amnesia {unknown}
 i - a scroll of enchant armour {unknown}
 l - a scroll of torment {unknown}
 p - 3 scrolls of vulnerability {unknown}
 u - a scroll of acquirement {unknown}
 w - 2 scrolls of teleportation {unknown}
Potions
 g - 2 potions of cancellation {unknown}
 h - 2 potions of mutation {unknown}
 k - a potion of invisibility {unknown}
 m - 8 potions of curing
 n - a potion of heal wounds {unknown}
 o - 4 potions of lignification {unknown}
 r - 4 potions of degeneration {unknown}
 t - 2 potions of brilliance
 z - a potion of resistance {unknown}
 A - 2 potions of flight {unknown}
 B - a potion of might {unknown}


   Skills:
 - Level 1.7 Fighting
 * Level 11.8 Bows
 + Level 5.7 Dodging
 - Level 2.0 Stealth


You had 7 spell levels left.
You didn't know any spells.
Your spell library contained the following spells:

 Spells                   Type           Power      Damage    Failure   Level
 Freeze                   Ice            0%         1d3       36%         1
 Frozen Ramparts          Ice            0%         1d2       75%         3
 Hailstorm                Conj/Ice       0%         3d3       98%         4
 Ice Form                 Ice/Tmut       0%         N/A       98%         4
 Summon Ice Beast         Ice/Summ       0%         N/A       98%         4


Dungeon Overview and Level Annotations

Branches:
Dungeon (6/15)
 Temple: D:4-7

Altars:
Ru

Annotations:
D:4 1 runed translucent door, Bruhh's ghost, amateur OgVM
D:6 1 transporter, Jano's ghost, amateur TrFi; Maggie


Innate Abilities, Weirdness & Mutations

You are very small and have problems with some larger weapons.
You are too small for most types of armour.
You have supernaturally acute eyesight. (SInv)
You cover ground extremely quickly. (Speed+++)


Message History

Maggie is severely wounded.
You shoot an arrow. The arrow hits Maggie.
Maggie is severely wounded.
Maggie gestures wildly while chanting.
Maggie draws you further into her thrall.
You shoot an arrow. The arrow closely misses Maggie.
You shoot an arrow.
The arrow hits Maggie but does no damage.
Maggie is severely wounded.
Maggie completely misses you.
You shoot an arrow.
The arrow hits Maggie but does no damage.
Maggie is severely wounded.
Maggie completely misses you.
You shoot an arrow. The arrow hits Maggie!
Maggie is almost dead.
Maggie hits you from afar with a +0 glaive of draining!
You feel drained.
* * * LOW HITPOINT WARNING * * *
You are too injured to fight recklessly!
You are too injured to fight recklessly!
Shoot: a) +1 shortbow
Press: ? - help, Q - select action, (/) - cycle Shift-Dir - straight line, f/p - Maggie
Aim: Maggie, wielding a +0 glaive of draining, wearing +0 swamp dragon scales and carrying a wand of flame (8) (almost dead, mesmerising, 73% to hit)
You shoot an arrow. The arrow barely misses Maggie.
Maggie gestures wildly while chanting.
Maggie draws you further into her thrall.
Shoot: a) +1 shortbow
Press: ? - help, Q - select action, (/) - cycle Shift-Dir - straight line, f/p - Maggie
Aim: Maggie, wielding a +0 glaive of draining, wearing +0 swamp dragon scales and carrying a wand of flame (8) (almost dead, mesmerising, 73% to hit)
You shoot an arrow. The arrow closely misses Maggie.
Maggie misses you.
Aiming: Iceblast
Press: ? - help, Shift-Dir - straight line, f/p - Maggie
Aim: Maggie, wielding a +0 glaive of draining, wearing +0 swamp dragon scales and carrying a wand of flame (8) (almost dead, mesmerising)
The mass of ice explodes!
The iceblast engulfs Maggie!
Maggie is almost dead.
Maggie gestures at you while chanting. The bolt of fire hits you! You resist.
You die...

####..# ...#..# #..#..#
#### .#.#..######....
.#.#............
#OO#©........... ###
.O$#........#####..###
#.(#©.#...### ##.....##
.#W#...##..####.@.....#
.#.#...####..##...@.....
#..#....####............
...#.....# ###..........
####.....# #.....<....
.........# #.........#
.........## #..........
..........# ##.....#...
..........# ########.


You could see Maggie (mesmerising).

Vanquished Creatures
  Menkaure (D:5)
  A water moccasin (D:5)
  2 ogres
  2 phantoms
  A necrophage (D:6)
  A howler monkey (D:5)
  5 hounds
  2 orc priests
  Natasha (thrice) (D:3)
  4 iguanas
  A gnoll (D:6)
  8 adders
  2 shadow imps
  3 white imps (D:5)
  6 ufetubi
  2 worms
  A dart slug (D:1)
  6 orcs
  5 endoplasms
  4 giant cockroaches
  5 goblins
  4 hobgoblins
  7 jackals (D:4)
  2 quokkas (D:2)
  9 ball pythons
  6 bats
  2 frilled lizards
  6 kobolds
  11 rats
112 creatures vanquished.

Vanquished Creatures (others)
  A demonic plant (D:5)
1 creature vanquished.

Grand Total: 113 creatures vanquished

Notes
Turn   | Place    | Note
-------+----------+-------------------------------------------
     0 | D:1      | PentaManta the Spriggan Hunter began the quest for the Orb.
     0 | D:1      | Reached XP level 1. HP: 10/10 MP: 2/2
   237 | D:1      | Reached skill level 5 in Bows
   237 | D:1      | Reached XP level 2. HP: 15/15 MP: 3/3
  1080 | D:2      | Reached XP level 3. HP: 18/18 MP: 4/4
  1136 | D:2      | Reached skill level 6 in Bows
  1427 | D:2      | Reached XP level 4. HP: 23/23 MP: 5/5
  1523 | D:2      | Found a faded altar of an unknown god.
  1979 | D:3      | Noticed Natasha
  1982 | D:3      | Killed Natasha
  1983 | D:3      | Reached skill level 7 in Bows
  2122 | D:3      | Noticed Natasha
  2126 | D:3      | Killed Natasha
  2127 | D:3      | Reached XP level 5. HP: 26/26 MP: 6/6
  2137 | D:3      | Noticed Natasha
  2142 | D:3      | Killed Natasha
  2551 | D:4      | Reached skill level 8 in Bows
  2563 | D:4      | Found a runed translucent door.
  2569 | D:4      | Noticed Bruhh's ghost (amateur OgVM)
  2598 | D:4      | Reached XP level 6. HP: 18/30 MP: 7/7
  3111 | D:4      | Reached skill level 9 in Bows
  3348 | D:5      | Entered Level 5 of the Dungeon
  3981 | D:5      | Reached skill level 10 in Bows
  3981 | D:5      | Reached XP level 7. HP: 34/34 MP: 8/8
  4009 | D:5      | Noticed Menkaure
  4016 | D:5      | Killed Menkaure
  4253 | D:5      | Reached skill level 11 in Bows
  4260 | D:5      | Found a sacrificial altar of Ru.
  4523 | D:6      | Noticed Jano's ghost (amateur TrFi)
  4523 | D:6      | Found a transporter.
  4526 | D:6      | Identified the +11 great mace of the Riding Traitor {pain,
                  | rN+ Int+2}
  4596 | D:6      | Reached skill level 5 in Dodging
  4596 | D:6      | Reached XP level 8. HP: 38/38 MP: 9/9
  5289 | D:6      | Noticed Maggie
  5307 | D:6      | Killed from afar by Maggie

Illustrated notes

Levels and vault maps discovered:
D:1:      dpeg_arrival_windows_large_door, layout_basic
D:2:      layout_rooms, hellmonk_ecumenical_altar_leap_of_faith, st_stairs_3,
          minmay_small_reverse_x
D:3:      layout_loops_ring, uniq_natasha
D:4:      layout_loops_corners, gammafunk_ghost_grave
D:5:      layout_loops_cross, kennysheep_little_box, serial_demonic,
          serial_demonic_g, serial_demonic_b, serial_demonic_a,
          serial_demonic_f, uniq_menkaure
D:6:      minmay_spotlight, layout_cave_pods, gammafunk_ghost_smash, uniq_maggie

Skill      XL: |  1  2  3  4  5  6  7 |
---------------+----------------------+-----
Stealth        | 2 |  2.0
Bows           | 5 6 7 8 10 11 | 11.8
Dodging        | 5 |  5.7
Fighting       | |  1.7

Action                   |  1- 3 |  4- 6 |  7- 9 || total
-------------------------+-------+-------+-------++-------
 Fire: Shortbow          |    77 |   147 |   108 ||   332
Evoke: Wand              |       |       |     1 ||     1
Armor: Robe              |     2 |     5 |       ||     7
Dodge: Dodged            |    15 |    87 |    17 ||   119

Table legend: (Time is in decaauts)
 A = Elapsed time spent in this place.
 B = Non-inter-level travel time spent in this place.
 C = Inter-level travel time spent in this place.
 D = Time resting spent in this place.
 E = Time spent auto-exploring this place.
 F = Levels seen in this place.
 G = Mean time per level.
                   A        B        C        D        E       F      G
               +--------+--------+--------+--------+--------+-----+--------+
         Total |   3736 |   3602 |    134 |    310 |   2694 |   6 |  622.7 |
       Dungeon |   3736 |   3602 |    134 |    310 |   2694 |   6 |  622.7 |
               +--------+--------+--------+--------+--------+-----+--------+

Top non-repeatable levels by time:
     D:4: 1071 daAuts
     D:1: 681 daAuts
     D:3: 586 daAuts
     D:6: 494 daAuts
     D:5: 472 daAuts
     D:2: 430 daAuts
